 Dungeon Crawl Stone Soup version 0.26.1-2-gb8aa6d0cf2 (webtiles) character file.

Game seed: 588334478527177575

10008 0gre the Frost Mage (level 11, -18/79 (83) HPs)
             Began as a Gnoll Ice Elementalist on Feb 8, 2021.
             Was a High Priest of Vehumet.
             Killed from afar by Josephine (28 damage)
             ... with a ghostly fireball
             ... on level 10 of the Dungeon on Feb 9, 2021.
             The game lasted 01:14:49 (9928 turns).

0gre the Frost Mage (Gnoll Ice Elementalist)        Turns: 9928, Time: 01:14:49

HP:   -18/79 (83)   AC:  8    Str: 18    XL:     11   Next: 55%
MP:   23/23         EV: 17    Int: 20    God:    Vehumet [*****.]
Gold: 563           SH:  0    Dex: 15    Spells: 11/26 levels left

rFire    . . .     SeeInvis +   a - +7 long sword of the Witching Coward {holy, rElec SInv}
rCold    . . .     Faith    .   (no shield)
rNeg     . . .     Spirit   .   k - +0 troll leather armour {Purgy}
rPois    .         Reflect  .   (no helmet)
rElec    +         Harm     .   B - +0 cloak
rCorr    .         Rampage  .   w - +1 pair of gloves
Will     .....                  (no boots)
Stlth    ++++......             h - amulet of magic regeneration
HPRegen  0.63/turn              l - +6 ring of strength
MPRegen  0.43/turn              F - ring of wizardry

@: about to teleport, lightly drained
A: distributed training, fangs 1, strong nose
a: Renounce Religion


You were on level 10 of the Dungeon.
You worshipped Vehumet.
Vehumet was extremely pleased with you.
You visited 1 branch of the dungeon, and saw 10 of its levels.
You also visited: Ossuary.

You collected 662 gold pieces.
You spent 99 gold pieces at shops.

Inventory:

Hand Weapons
 a - the +7 long sword of the Witching Coward (weapon) {holy, rElec SInv}
   (You found it on level 9 of the Dungeon)

   It has been blessed by the Shining One to cause great damage to the undead
   and demons.
   It insulates you from electricity.
   It lets you see invisible.
 b - a +0 hunting sling
 c - a +2 flail of protection
 d - a +0 battleaxe
Missiles
 i - 87 bolts
 j - 134 arrows
 q - 34 poisoned darts (quivered)
 t - 50 sling bullets
 H - 202 stones
Armour
 k - a +0 troll leather armour (worn) {Purgy}
 p - a +0 robe
 w - a +1 pair of gloves (worn)
 B - a +0 cloak (worn)
Jewellery
 h - an amulet of magic regeneration (around neck)
 l - a +6 ring of strength (left hand)
 m - an uncursed ring of positive energy
 o - an uncursed ring of fire
 F - a ring of wizardry (right hand)
Wands
 y - a wand of disintegration (16)
 E - a wand of flame (19)
 G - a wand of digging (6)
Scrolls
 g - 2 scrolls of blinking
 n - 8 scrolls of teleportation
 u - 6 scrolls of magic mapping
 A - 6 scrolls of remove curse
 D - a scroll of fog
Potions
 e - 3 potions of ambrosia
 f - a potion of invisibility
 r - 2 potions of brilliance
 s - 4 potions of lignification
 v - 2 potions of berserk rage {unknown}
 x - 9 potions of curing
 z - 3 potions of mutation {unknown}
 C - 3 potions of magic {unknown}
 I - a potion of attraction {unknown}
 J - 4 potions of cancellation
Miscellaneous
 K - a phantom mirror


   Skills:
 + Level 6.4 Fighting
 + Level 6.4 Short Blades
 + Level 6.4 Long Blades
 + Level 6.4 Axes
 + Level 6.4 Maces & Flails
 + Level 6.4 Polearms
 + Level 6.4 Staves
 + Level 6.4 Slings
 + Level 6.4 Bows
 + Level 6.4 Crossbows
 + Level 6.4 Throwing
 + Level 6.4 Armour
 + Level 8.0 Dodging
 + Level 7.7 Stealth
 + Level 6.4 Shields
 + Level 6.4 Unarmed Combat
 + Level 8.2 Spellcasting
 + Level 5.3 Conjurations
 + Level 5.3 Hexes
 + Level 5.3 Summonings
 + Level 5.3 Necromancy
 + Level 5.3 Translocations
 + Level 5.3 Transmutations
 + Level 5.3 Fire Magic
 + Level 9.0 Ice Magic
 + Level 5.3 Air Magic
 + Level 5.3 Earth Magic
 + Level 5.3 Poison Magic
 + Level 7.0 Invocations
 + Level 6.4 Evocations


You had 11 spell levels left.
You knew the following spells:

 Your Spells              Type           Power        Failure   Level
a - Shock                 Conj/Air       100%         1%          1
b - Frozen Ramparts       Ice            88%          1%          3
c - Ozocubu's Armour      Ice            44%          1%          3
d - Freeze                Ice            100%         1%          1
e - Summon Ice Beast      Ice/Summ       36%          1%          4
f - Mephitic Cloud        Conj/Pois/Air  29%          1%          3

Your spell library contained the following spells:

 Spells                   Type           Power        Failure   Level
 Orb of Destruction       Conj           14%          61%         7
 Corona                   Hex            32%          1%          1
 Slow                     Hex            29%          1%          2
 Swiftness                Air            29%          1%          2
 Inner Flame              Hex/Fire       29%          1%          3
 Portal Projectile        Hex/Tloc       58%          1%          3
 Static Discharge         Conj/Air       29%          1%          3
 Airstrike                Air            14%          1%          4
 Hailstorm                Conj/Ice       36%          1%          4
 Lightning Bolt           Conj/Air       14%          3%          5
 Cause Fear               Hex            14%          4%          4
 Leda's Liquefaction      Hex/Erth       14%          4%          4


Dungeon Overview and Level Annotations

Branches:
Dungeon (10/15)            Temple (0/1) D:4            Lair (0/6) D:10
    Orc (0/2) D:10        Ossuary (visited)

Altars:
Cheibriados
Dithmenos
Elyvilon
Fedhas
Gozag
Hepliaklqana
Makhleb
Trog
Vehumet
Wu Jian
Xom
Yredelemnul

Shops:
D:5 !   D:8 }

Annotations:
D:10 Josephine


Innate Abilities, Weirdness & Mutations

Your experience applies equally to all skills.
You have very sharp teeth.
Your uncanny sense of smell can sniff out nearby items.


Message History

The wall freezes Josephine.
Josephine says, "How about some decapitation?"
Josephine hits you with an uncursed staff of cold.
Josephine freezes you!
* * * LOW HITPOINT WARNING * * *
You feel better.
The wraith resists.
The wall freezes the wraith.
Josephine resists.
The wall freezes Josephine.
Josephine hits you with an uncursed staff of cold.
* * * LOW HITPOINT WARNING * * *
Josephine freezes you!
* * * LOW HITPOINT WARNING * * *
As you read the scroll of teleportation, it crumbles to dust.
You feel strangely unstable.
The wraith resists.
The wall freezes the wraith.
Josephine resists.
The wall freezes Josephine.
Josephine barely misses you.
Your frozen ramparts will break if you move.
Continue?
The frozen ramparts melt away as you move.
Josephine casts a spell at you.
The ghostly flame explodes!
The ghostly fireball engulfs you!!
You feel drained.
You die...

#......@.h##.......>.♣......#
#.........##.P.............##
#......P........# .
##.............## #.
#.............# ##'
##....P.......###### ....
##...........††...# .....
#.#)........####†#
.....)##@##........# #.#
......@..###.......# #.#
....<.#### #.......# #.'
..... #.......# ### ....
######+## # '## # # #
##+#######


You could see Josephine.

Vanquished Creatures
  Harold (D:10)
  2 two-headed ogres
  The ghost of Gadfly the Slasher, a novice PaBe of Trog (D:9)
  The ghost of Gadfly the Cudgeller, a novice OgGl of Okawaru (D:9)
  Grinder (D:4)
  4 wraiths (D:10)
  Eustachio (D:4)
  4 wyverns (D:10)
  3 water moccasins (D:10)
  Purgy (D:4)
  3 sky beasts
  2 phantoms
  An eye of draining (D:9)
  3 orc warriors (D:9)
  4 black bears
  An ice beast (D:10)
  2 wolves (D:10)
  7 ogres
  A centaur (D:9)
  The ghost of tozz the Slasher, an amateur TeWr (D:3)
  2 big kobolds
  5 bullfrogs
  5 scorpions
  4 wights (D:7)
  3 howler monkeys
  A crimson imp (D:8)
  A bullfrog zombie (D:7)
  A centaur zombie (D:5)
  A quasit (D:6)
  A jelly (D:7)
  5 orc priests
  5 hounds
  5 orc wizards
  Ijyb (D:3)
  2 bullfrog skeletons (D:8)
  5 centaur skeletons
  Jessica (D:3)
  2 iguanas
  5 worker ants
  A big kobold zombie (Ossuary)
  2 hound zombies
  A hound skeleton (D:9)
  3 mummies (Ossuary)
  A howler monkey zombie (D:9)
  A howler monkey skeleton (D:5)
  9 adders
  3 shadow imps
  2 white imps
  4 ufetubi
  3 adder skeletons
  3 worms
  The ghost of Sonofthefire the Sneak, a weakling OpDe (D:6)
  11 dart slugs
  5 leopard geckos
  63 orcs
  4 giant cockroaches
  4 gnoll zombies
  9 goblins
  6 hobgoblins
  3 jackals (D:10)
  21 kobolds
  A quokka (D:7)
  6 bats
  5 frilled lizards
  A jackal zombie (D:6)
  2 kobold zombies (Ossuary)
  3 orc zombies (Ossuary)
  7 rats
284 creatures vanquished.

Vanquished Creatures (collateral kills)
  The ghost of growler the Zephyrmancer, a novice TeAE of Vehumet (D:9)
  An orc warrior (D:9)
  A phantom (D:5)
  A centaur (D:5)
  A scorpion (D:10)
  An iguana (D:7)
  A quokka (D:5)
7 creatures vanquished.

Vanquished Creatures (others)
  2 fungi (D:10)
  23 plants (D:10)
25 creatures vanquished.

Grand Total: 316 creatures vanquished

Notes
Turn   | Place    | Note
-------+----------+-------------------------------------------
     0 | D:1      | 0gre the Gnoll Ice Elementalist began the quest for the
                  | Orb.
     0 | D:1      | Reached XP level 1. HP: 13/13 MP: 6/6
   226 | D:1      | Reached XP level 2. HP: 11/19 MP: 3/7
   880 | D:1      | Reached XP level 3. HP: 18/25 MP: 7/9
   884 | D:1      | Learned a level 3 spell: Frozen Ramparts
  1089 | D:1      | Reached skill level 5 in Spellcasting
  1279 | D:2      | Reached skill level 1 in Invocations
  1474 | D:2      | Found a hazy altar of Hepliaklqana.
  1581 | D:2      | Reached skill level 1 in Fighting
  1581 | D:2      | Reached skill level 1 in Short Blades
  1581 | D:2      | Reached skill level 1 in Long Blades
  1581 | D:2      | Reached skill level 1 in Axes
  1581 | D:2      | Reached skill level 1 in Maces & Flails
  1581 | D:2      | Reached skill level 1 in Polearms
  1581 | D:2      | Reached skill level 1 in Staves
  1581 | D:2      | Reached skill level 1 in Slings
  1581 | D:2      | Reached skill level 1 in Bows
  1581 | D:2      | Reached skill level 1 in Crossbows
  1581 | D:2      | Reached skill level 1 in Throwing
  1581 | D:2      | Reached skill level 1 in Armour
  1581 | D:2      | Reached skill level 1 in Shields
  1581 | D:2      | Reached skill level 1 in Unarmed Combat
  1581 | D:2      | Reached skill level 1 in Evocations
  1591 | D:2      | Reached XP level 4. HP: 29/32 MP: 11/11
  1843 | D:3      | Reached skill level 1 in Conjurations
  1843 | D:3      | Reached skill level 1 in Hexes
  1843 | D:3      | Reached skill level 1 in Summonings
  1843 | D:3      | Reached skill level 1 in Necromancy
  1843 | D:3      | Reached skill level 1 in Translocations
  1843 | D:3      | Reached skill level 1 in Transmutations
  1843 | D:3      | Reached skill level 1 in Fire Magic
  1843 | D:3      | Reached skill level 1 in Air Magic
  1843 | D:3      | Reached skill level 1 in Earth Magic
  1843 | D:3      | Reached skill level 1 in Poison Magic
  1980 | D:3      | Found a radiant altar of Vehumet.
  2009 | D:3      | Noticed Ijyb
  2014 | D:3      | Killed Ijyb
  2015 | D:3      | Reached XP level 5. HP: 34/37 MP: 9/12
  2022 | D:3      | Became a worshipper of Vehumet
  2379 | D:3      | Noticed Jessica
  2391 | D:3      | Killed Jessica
  2411 | D:3      | Learned a level 3 spell: Ozocubu's Armour
  2416 | D:3      | Found a runed translucent gate.
  2416 | D:3      | Found a runed translucent gate.
  2416 | D:3      | Found a runed translucent gate.
  2437 | D:3      | Found an opulent altar of Gozag.
  2438 | D:3      | Noticed tozz's ghost (amateur TeWr)
  2450 | D:3      | Killed tozz's ghost
  2450 | D:3      | Reached * piety under Vehumet
  2450 | D:3      | Offered knowledge of Shock by Vehumet.
  2451 | D:3      | Reached XP level 6. HP: 29/44 MP: 9/14
  2862 | D:3      | Found a basalt altar of Yredelemnul.
  2870 | D:3      | Learned a level 1 spell: Shock
  3138 | D:3      | Reached skill level 5 in Dodging
  3351 | D:4      | Noticed Purgy
  3360 | D:4      | Killed Purgy
  3572 | D:4      | Found a staircase to the Ecumenical Temple.
  3574 | D:4      | Noticed Eustachio
  3598 | D:4      | Killed Eustachio
  3599 | D:4      | Reached XP level 7. HP: 42/51 MP: 13/15
  3711 | D:4      | Reached skill level 5 in Stealth
  3846 | D:4      | Noticed Grinder
  3855 | D:4      | Killed Grinder
  3856 | D:4      | Reached XP level 8. HP: 51/58 MP: 16/16
  4041 | D:5      | Entered Level 5 of the Dungeon
  4075 | D:5      | Learned a level 4 spell: Summon Ice Beast
  4745 | D:5      | Found Weqiys's Distillery.
  4748 | D:5      | Bought a potion of curing for 33 gold pieces
  4748 | D:5      | Bought a potion of curing for 33 gold pieces
  4748 | D:5      | Bought a potion of curing for 33 gold pieces
  5252 | D:6      | Found a sand-covered staircase.
  5257 | Ossuary  | Entered an ossuary
  5309 | Ossuary  | Reached XP level 9. HP: 65/65 MP: 18/18
  5489 | Ossuary  | Offered knowledge of Sandblast by Vehumet.
  5497 | Ossuary  | Reached ** piety under Vehumet
  5786 | D:6      | Found a runed translucent gate.
  5786 | D:6      | Found a runed translucent gate.
  5787 | D:6      | Found a runed translucent gate.
  5835 | D:6      | Found an ornate altar of the Wu Jian Council.
  5883 | D:6      | Noticed Sonofthefire's ghost (weakling OpDe)
  6203 | D:6      | Learned a level 3 spell: Static Discharge
  6468 | D:6      | Killed Sonofthefire's ghost
  6517 | D:7      | Found a shadowy altar of Dithmenos.
  6616 | D:7      | Reached skill level 8 in Ice Magic
  6898 | D:7      | Offered knowledge of Mephitic Cloud by Vehumet.
  6954 | D:7      | Learned a level 3 spell: Mephitic Cloud
  7141 | D:7      | Found a bloodstained altar of Trog.
  7141 | D:7      | Found a white marble altar of Elyvilon.
  7148 | D:7      | Found a faded altar of an unknown god.
  7150 | D:7      | Found a snail-covered altar of Cheibriados.
  7152 | D:7      | Found a faded altar of an unknown god.
  7455 | D:7      | Reached skill level 5 in Invocations
  7567 | D:8      | Reached *** piety under Vehumet
  7902 | D:8      | Found Wushri's Gadget Boutique.
  8012 | D:8      | Offered knowledge of Olgreb's Toxic Radiance by Vehumet.
  8158 | D:8      | Found a blossoming altar of Fedhas.
  8253 | D:8      | Found a burning altar of Makhleb.
  8253 | D:8      | Found a shimmering altar of Xom.
  8259 | D:8      | Reached XP level 10. HP: 73/73 MP: 18/20
  8797 | D:9      | Noticed a two-headed ogre
  8812 | D:9      | Killed a two-headed ogre
  8813 | D:9      | Reached skill level 5 in Fighting
  8813 | D:9      | Reached skill level 5 in Short Blades
  8813 | D:9      | Reached skill level 5 in Long Blades
  8813 | D:9      | Reached skill level 5 in Axes
  8813 | D:9      | Reached skill level 5 in Maces & Flails
  8813 | D:9      | Reached skill level 5 in Polearms
  8813 | D:9      | Reached skill level 5 in Staves
  8813 | D:9      | Reached skill level 5 in Slings
  8813 | D:9      | Reached skill level 5 in Bows
  8813 | D:9      | Reached skill level 5 in Crossbows
  8813 | D:9      | Reached skill level 5 in Throwing
  8813 | D:9      | Reached skill level 5 in Armour
  8813 | D:9      | Reached skill level 5 in Shields
  8813 | D:9      | Reached skill level 5 in Unarmed Combat
  8813 | D:9      | Reached skill level 5 in Evocations
  9039 | D:9      | Found a runed translucent gate.
  9039 | D:9      | Found a runed translucent gate.
  9039 | D:9      | Found a runed translucent gate.
  9042 | D:9      | Noticed growler's ghost (novice TeAE)
  9042 | D:9      | Noticed Gadfly's ghost (novice PaBe)
  9043 | D:9      | Noticed Gadfly's ghost (novice OgGl)
  9065 | D:9      | Reached **** piety under Vehumet
  9066 | D:9      | Offered knowledge of Irradiate by Vehumet.
  9405 | D:9      | Killed Gadfly's ghost
  9412 | D:9      | Killed Gadfly's ghost
  9433 | D:9      | Killed growler's ghost
  9444 | D:9      | Got a fine long sword
  9445 | D:9      | Identified the +7 long sword of the Witching Coward {holy,
                  | rElec SInv} (You found it on level 9 of the Dungeon)
  9533 | D:10     | Entered Level 10 of the Dungeon
  9533 | D:10     | Noticed Josephine
  9552 | D:10     | Reached ***** piety under Vehumet
  9567 | D:10     | Found a staircase to the Orcish Mines.
  9588 | D:10     | Reached XP level 11. HP: 61/81 MP: 22/22
  9721 | D:10     | Offered knowledge of Orb of Destruction by Vehumet.
  9735 | D:10     | Noticed Harold
  9756 | D:10     | Killed Harold
  9808 | D:10     | Reached skill level 5 in Conjurations
  9808 | D:10     | Reached skill level 5 in Hexes
  9808 | D:10     | Reached skill level 5 in Summonings
  9808 | D:10     | Reached skill level 5 in Necromancy
  9808 | D:10     | Reached skill level 5 in Translocations
  9808 | D:10     | Reached skill level 5 in Transmutations
  9808 | D:10     | Reached skill level 5 in Fire Magic
  9808 | D:10     | Reached skill level 5 in Air Magic
  9808 | D:10     | Reached skill level 5 in Earth Magic
  9808 | D:10     | Reached skill level 5 in Poison Magic
  9862 | D:10     | Found a staircase to the Lair.
  9905 | D:10     | Noticed a two-headed ogre
  9918 | D:10     | Killed a two-headed ogre
  9919 | D:10     | Reached skill level 9 in Ice Magic
  9928 | D:10     | Killed from afar by Josephine

Illustrated notes

Levels and vault maps discovered:
D:1:      lemuel_arrival_cross, layout_basic, chequers_serial_rivers_room_a,
          patterned_corridor
D:2:      layout_rooms, marbit_many_paths, minmay_misc_feat_doors
D:3:      kennysheep_slugbush, layout_loops_corners,
          lemuel_zombie_altar_yredelemnul, vehumet_crystals,
          ebering_ghost_gozag, uniq_ijyb, uniq_jessica
D:4:      layout_cave_pools, minmay_temple_entry_statues_fountains,
          uniq_eustachio, uniq_purgy, uniq_grinder
D:5:      layout_layer_cave, serial_shops, kennysheep_mini_moat,
          hangedman_decor_push
D:6:      layout_basic, basic_altar, gammafunk_ghost_split, enter_ossuary_2
D:7:      black_bear_nest_2, layout_basic, chequers_temple_overflow_minitemple,
          nicolae_dithmenos_shadow_blocks
D:8:      layout_layer_cave, grunt_temple_overflow_champion_of_chaos,
          lemuel_doored_altar, serial_shops, kennysheep_little_box
D:9:      layout_rooms, gammafunk_ghost_cemetery, special_room
          [special_room_orc]
D:10:     layout_roguey, minmay_lair_entry_grove, david_orc_2, uniq_harold,
          uniq_josephine

Skill      XL: |  1  2  3  4  5  6  7  8  9 10 11 |
---------------+----------------------------------+-----
Spellcasting   | 5 6 7 8 |  8.2
Invocations    | 1 2 3 4 5 6 7 |  7.0
Fighting       | 1 2 3 4 5 6 |  6.4
Short Blades   | 1 2 3 4 5 6 |  6.4
Long Blades    | 1 2 3 4 5 6 |  6.4
Axes           | 1 2 3 4 5 6 |  6.4
Maces & Flails | 1 2 3 4 5 6 |  6.4
Polearms       | 1 2 3 4 5 6 |  6.4
Staves         | 1 2 3 4 5 6 |  6.4
Slings         | 1 2 3 4 5 6 |  6.4
Bows           | 1 2 3 4 5 6 |  6.4
Crossbows      | 1 2 3 4 5 6 |  6.4
Throwing       | 1 2 3 4 5 6 |  6.4
Armour         | 1 2 3 4 5 6 |  6.4
Shields        | 1 2 3 4 5 6 |  6.4
Unarmed Combat | 1 2 3 4 5 6 |  6.4
Evocations     | 1 2 3 4 5 6 |  6.4
Conjurations   | 1 2 3 4 5 |  5.3
Hexes          | 1 2 3 4 5 |  5.3
Summonings     | 1 2 3 4 5 |  5.3
Necromancy     | 1 2 3 4 5 |  5.3
Translocations | 1 2 3 4 5 |  5.3
Transmutations | 1 2 3 4 5 |  5.3
Fire Magic     | 1 2 3 4 5 |  5.3
Air Magic      | 1 2 3 4 5 |  5.3
Earth Magic    | 1 2 3 4 5 |  5.3
Poison Magic   | 1 2 3 4 5 |  5.3
Dodging        | 5 6 7 8 |  8.0
Stealth        | 5 6 7 |  7.7
Ice Magic      | 8 9 |  9.0

Action                   |  1- 3 |  4- 6 |  7- 9 | 10-12 || total
-------------------------+-------+-------+-------+-------++-------
Melee: Dagger            |    21 |       |       |       ||    21
       Whip              |    12 |       |       |       ||    12
       Flail             |    25 |    51 |   190 |     7 ||   273
       Bite              |     3 |     1 |    31 |    15 ||    50
       Punch             |       |       |     2 |     3 ||     5
       Battleaxe         |       |       |    44 |    70 ||   114
       Long sword        |       |       |       |    72 ||    72
 Fire: Hunting sling     |       |    67 |    80 |     8 ||   155
Throw: Stone             |     4 |       |       |       ||     4
       Dart              |       |     3 |    10 |     1 ||    14
 Cast: Freeze            |    22 |     3 |       |       ||    25
       Frozen Ramparts   |     2 |     9 |    16 |    17 ||    44
       Ozocubu's Armour  |       |     2 |       |       ||     2
       Shock             |       |    13 |    51 |    47 ||   111
       Summon Ice Beast  |       |       |     4 |     7 ||    11
       Static Discharge  |       |       |     3 |       ||     3
       Mephitic Cloud    |       |       |       |     4 ||     4
Evoke: Wand              |       |       |     1 |     1 ||     2
  Use: Scroll            |       |     7 |    14 |     2 ||    23
       Potion            |       |       |       |     5 ||     5
 Stab: Sleeping          |    10 |     1 |     4 |       ||    15
       Distracted        |       |       |     1 |     3 ||     4
       Confused          |       |       |       |     2 ||     2
Armor: Robe              |     9 |    15 |       |       ||    24
       Troll leather arm |       |    10 |    92 |    28 ||   130
Dodge: Dodged            |    53 |    81 |   207 |    92 ||   433
       Rpst.: Long sword |       |       |       |     9 ||     9
